 Dungeon Crawl Stone Soup version 0.28-a0-649-g2b6bb2fd11 (webtiles) character file.

Game seed: 14200286687234582118

42577 Conn the Arsonist (level 14, -14/83 HPs)
             Began as an Octopode Fire Elementalist on Oct 11, 2021.
             Was an Elder of Sif Muna.
             Engulfed by a cloud of flame (20 damage)
             ... on level 5 of the Lair of Beasts.
             The game lasted 01:20:54 (25383 turns).

Conn the Arsonist (Octopode Fire Elementalist)     Turns: 25383, Time: 01:20:55

Health: -14/83     AC:  3    Str: 12    XL:     14   Next: 20%
Magic:  18/28      EV: 18    Int: 28    God:    Sif Muna [****..]
Gold:   2846       SH:  0    Dex: 12    Spells: 3/34 levels left

rFire   . . .      SeeInvis +   v - +7 dagger of the Stork {freeze, rElec Will+}
rCold   + . .      Faith    .   (no shield)
rNeg    . . .      Spirit   .   t - +2 hat {SInv}
rPois   +          Reflect  .   (no amulet)
rElec   +          Harm     .   f - ring of resist corrosion
rCorr   +          Rampage  .   x - +4 ring of evasion
Will    +++..                   G - +6 ring of strength
Stlth   +++++.....              m - ring of poison resistance
HPRegen 0.23/turn               n - +6 ring of intelligence
MPRegen 0.21/turn               y - ring of willpower
                                (no ring)
                                (no ring)

@: no status effects
A: almost no armour, amphibious, 8 rings, camouflage 1, gelatinous body 1,
(nimble swimmer 1), tentacles, cold resistance 1, weak 1
a: Renounce Religion, Channel Magic, Forget Spell, Divine Exegesis


You were on level 5 of the Lair of Beasts.
You worshipped Sif Muna.
Sif Muna was greatly pleased with you.
You visited 4 branches of the dungeon, and saw 21 of its levels.

You collected 2906 gold pieces.
You spent 60 gold pieces at shops.

Inventory:

Hand Weapons
 d - a +4 dagger of electrocution
 h - a +1 spectral spear
 v - the +7 dagger of the Stork (weapon) {freeze, rElec Will+}
   (You found it on level 2 of the Lair of Beasts)

   It freezes those it strikes, dealing additional cold damage.
   It can also slow down cold-blooded creatures.
   rElec:     It insulates you from electricity.
   Will:      It increases your willpower.
Missiles
 e - 51 poisoned darts (quivered)
Armour
 t - a +2 hat of see invisible (worn)
Jewellery
 f - a ring of resist corrosion (left tentacle)
 m - a ring of poison resistance (on tentacle)
 n - a +6 ring of intelligence (on tentacle)
 x - a +4 ring of evasion (right tentacle)
 y - a ring of willpower (on tentacle)
 G - a +6 ring of strength (on tentacle)
Wands
 l - a wand of paralysis (4)
 q - a wand of flame (51)
 w - a wand of digging (3)
 A - a wand of iceblast (9)
 F - a wand of polymorph (8)
Scrolls
 b - a scroll of identify
 c - a scroll of immolation
 j - 3 scrolls of teleportation
 k - 2 scrolls of amnesia
 r - 2 scrolls of magic mapping
 s - 3 scrolls of fog
 u - a scroll of blinking
 B - 2 scrolls of noise
 C - a scroll of holy word
 D - a scroll of enchant armour
 E - 4 scrolls of brand weapon
Potions
 a - 3 potions of flight
 g - a potion of cancellation
 i - 2 potions of curing
 o - 2 potions of brilliance
 p - 2 potions of ambrosia
 z - a potion of might


   Skills:
 + Level 3.4 Fighting
 + Level 2.9 Short Blades
 + Level 1.8 Maces & Flails
 + Level 4.6 Dodging
 + Level 8.9 Stealth
 + Level 10.8 Spellcasting
 * Level 11.0 Conjurations
 + Level 5.4 Hexes
 + Level 0.4 Translocations
 * Level 13.4 Fire Magic
 * Level 5.6 Ice Magic
 + Level 0.5 Earth Magic
 - Level 6.5 Invocations
 + Level 0.2 Evocations


You had 3 spell levels left.
You knew the following spells:

 Your Spells              Type           Power      Damage    Failure   Level
a - Foxfire               Conj/Fire      100%       2x1d9     1%          1
b - Conjure Flame         Conj/Fire      70%        6-21      1%          3
c - Inner Flame           Hex/Fire       61%        N/A       1%          3
d - Flame Wave            Conj/Fire      70%        3d12      1%          4
e - Scorch                Fire           100%       2d10      1%          2
f - Sticky Flame          Conj/Fire      70%        2d8       1%          4
g - Fulminant Prism       Conj/Hex       28%        3d14      1%          4
h - Ozocubu's Armour      Ice            46%        N/A       1%          3
i - Stone Arrow           Conj/Erth      94%        3d12      1%          3
j - Iskenderun's Mystic   Conj/Tloc      47%        2d10      3%          4

Your spell library contained the following spells:

 Spells                   Type           Power      Damage    Failure   Level
 Magic Dart               Conj           100%       1d8       1%          1
 Searing Ray              Conj           100%       2d8       1%          2
 Slow                     Hex            45%        N/A       1%          2
 Static Discharge         Conj/Air       46%        N/A       1%          2
 Confusing Touch          Hex            45%        N/A       1%          3
 Dazzling Flash           Conj/Hex       100%       N/A       1%          3
 Tukima's Dance           Hex            45%        N/A       1%          3
 Apportation              Tloc           34%        N/A       3%          1
 Sting                    Tmut/Pois      60%        1d6       3%          1
 Passwall                 Tmut/Erth      13%        N/A       4%          2
 Poisonous Vapours        Pois/Air       30%        N/A       5%          2
 Sublimation of Blood     Necr           7%         N/A       5%          2
 Wereblood                Tmut           15%        N/A       5%          2
 Vampiric Draining        Necr           7%         2d7       11%         3
 Iskenderun's Battlesphe  Conj           67%        2d12      1%          5
 Starburst                Conj/Fire      35%        6d10      3%          6
 Passage of Golubria      Tloc           N/A        N/A       30%         4
 Yara's Violent Unravell  Hex/Tmut       15%        3d8       32%         5
 Orb of Destruction       Conj           33%        9d12      34%         7
 Dispel Undead            Necr           15%        3d10      36%         4
 Olgreb's Toxic Radiance  Pois           15%        N/A       36%         4
 Invisibility             Hex            22%        N/A       52%         6
 Alistair's Intoxication  Tmut/Pois      10%        N/A       71%         5
 Ozocubu's Refrigeration  Ice            23%        4d9       97%         7
 Summon Hydra             Summ           7%         N/A       100%        7
 Lehudib's Crystal Spear  Conj/Erth      23%        10d7      100%        8
 Animate Armour           Summ/Erth      Unusable   N/A       N/A         4

Dungeon Overview and Level Annotations

Branches:
Dungeon (12/15)            Temple (1/1) D:4            Lair (6/6) D:11
 Shoals (0/4) Lair:3        Snake (0/4) Lair:2        Slime (0/5) Lair:5
    Orc (2/2) D:10            Elf (0/3) Orc:2

Altars:
Ashenzari
Cheibriados
Fedhas
Gozag
Hepliaklqana
Makhleb
Nemelex Xobeh
Okawaru
Qazlal
Ru
Sif Muna
Trog
Uskayaw
Vehumet
Xom
Zin
Jiyva

Shops:
D:1 *   D:3 *

Annotations:
D:4 2 transporters, TimeIsEndless's ghost, novice FoFi
Lair:5 1 runed translucent door


Innate Abilities, Weirdness & Mutations

You cannot wear most types of armour.
You are amphibious.
You can wear up to eight rings at the same time.
Your skin changes colour to match your surroundings (Stealth+).
Your rubbery body absorbs attacks. (AC +1, EV +1)
((You are camouflaged near water. (Stealth+)))
You have tentacles for arms and can constrict up to eight enemies at once.
Your flesh is cold resistant. (rC+)
You are weak. (Str -2)


Message History

The foxfire hits the komodo dragon but does no damage.
The komodo dragon is moderately wounded.
The foxfire hits the komodo dragon.
Flame seeps out of the komodo dragon.
The komodo dragon is moderately wounded.
The komodo dragon is engulfed in blazing flames.
Flame seeps out of the komodo dragon.
Unknown command.
Casting: Foxfire (safe; 1% risk of failure)
Confirm with . or Enter, or press ? or * to list all spells.
You conjure some foxfire!
The water moccasin hisses angrily.
The komodo dragon bites you!!
Unknown command.
The foxfire hits the komodo dragon but does no damage.
The komodo dragon is heavily wounded.
The foxfire hits the komodo dragon.
Flame seeps out of the komodo dragon.
The komodo dragon is heavily wounded.
The komodo dragon is engulfed in blazing flames.
Flame seeps out of the komodo dragon.
Unknown command.
Casting: Foxfire (safe; 1% risk of failure)
Confirm with . or Enter, or press ? or * to list all spells.
You conjure some foxfire!
The komodo dragon misses you.
Unknown command.
The foxfire hits the komodo dragon but does no damage.
The komodo dragon is severely wounded.
The foxfire hits the komodo dragon but does no damage.
The komodo dragon is severely wounded.
The komodo dragon bites you!
Unknown command.
Casting: Foxfire (safe; 1% risk of failure)
Confirm with . or Enter, or press ? or * to list all spells.
You erupt in a blast of force!
The mystic blast hits the komodo dragon!
Sif Muna accepts your kill.
The komodo dragon explodes!
The fiery explosion engulfs you!!!
* * * LOW HITPOINT WARNING * * *
You are engulfed in blazing flames.
You die...

..... ............#... ......
....$......... .#.PP#
.$....(...... ..#..# #..........
<.#..### ##S.[........
..#.P..####.....P# .#
...............§§###.###
...........#+#.§........
....#....##....§@§......
#...#....#..8...........
#.......#..........#....
#....###....#.#...P# ###
##........###.....## ..#...8...#
.......# ..........##......##
....8...8.##............##.......
.>........##.......#....##......#


You could see a water moccasin.

Vanquished Creatures
  Gastronok (Lair:2)
  An orc warlord (D:10)
  Fannar (Lair:3)
  4 hydras
  Erolcha (D:10)
  A catoblepas (D:11)
  A death knight (D:10)
  6 death yaks (Lair:3)
  Nergalle (D:10)
  An orc sorcerer (Orc:1)
  5 black mambas
  A merfolk siren (Lair:3)
  8 cane toads
  A cane toad (shapeshifter) (D:12)
  9 komodo dragons
  A torpor snail (Lair:4)
  2 rime drakes
  3 polar bears
  13 trolls
  A hornet (D:9)
  A meliai zombie (D:11)
  15 blink frogs
  2 dream sheep (Lair:4)
  Sigmund (D:2)
  4 wyverns
  3 fire bats (Lair:5)
  35 yaks
  Eustachio (D:5)
  2 wraiths (D:10)
  2 basilisks
  2 steam dragons
  11 vampire mosquitoes
  A warg (Orc:2)
  2 nagas (Lair:2)
  12 water moccasins
  Duvessa (D:7)
  9 orc warriors
  2 sky beasts
  6 black bears
  10 ogres
  6 centaurs
  8 wolves (Lair:2)
  A phantom (D:7)
  3 kobold brigands
  9 bullfrogs
  A gnoll sergeant (D:7)
  A wyvern zombie (D:5)
  4 scorpions
  A water moccasin zombie (D:5)
  Dowan (D:7)
  9 killer bees
  13 wights
  3 howler monkeys
  3 centaur zombies
  Crazy Yiuf (D:4)
  4 hounds
  A jelly (D:6)
  6 orc priests
  A gnoll shaman (D:4)
  Jessica (D:3)
  An iguana (D:5)
  10 orc wizards
  A howler monkey zombie (D:7)
  8 adders
  8 gnolls
  A shadow imp (D:6)
  A white imp (D:5)
  2 worms
  2 dart slugs
  31 orcs
  9 ball pythons
  4 bats
  4 endoplasms
  3 giant cockroaches
  8 goblins
  3 hobgoblins
  2 jackals (D:2)
  4 quokkas
  A frilled lizard (D:1)
  20 kobolds
  7 rats
  A foxfire (D:10)
  A fulminant prism (Lair:5)
393 creatures vanquished.

Vanquished Creatures (collateral kills)
  15 foxfires
15 creatures vanquished.

Vanquished Creatures (others)
  A shadow imp (D:8)
  An orc (D:8)
  5 kobolds (D:8)
  1140 foxfires
  19 fulminant prisms
  72 fungi
  75 plants
1313 creatures vanquished.

Grand Total: 1721 creatures vanquished

Notes
Turn   | Place    | Note
-------+----------+-------------------------------------------
     0 | D:1      | Conn the Octopode Fire Elementalist began the quest for the
                  | Orb.
     0 | D:1      | Reached XP level 1. HP: 11/11 MP: 3/3
    49 | D:1      | Found Kuutov's General Store.
   139 | D:1      | Reached XP level 2. HP: 17/17 MP: 0/5
   973 | D:1      | Reached XP level 3. HP: 21/21 MP: 6/6
  1236 | D:2      | Found a faded altar of an unknown god.
  1237 | D:2      | Noticed an eye of devastation
  1243 | D:2      | Noticed an eye of devastation
  1247 | D:2      | Noticed a floating eye
  1252 | D:2      | Noticed a shining eye
  1807 | D:2      | Noticed Sigmund
  1837 | D:2      | Killed Sigmund
  1838 | D:2      | Reached skill level 1 in Maces & Flails
  1838 | D:2      | Reached XP level 4. HP: 24/27 MP: 0/8
  1838 | D:2      | Reached XP level 5. HP: 28/32 MP: 0/9
  2486 | D:2      | Reached XP level 6. HP: 37/37 MP: 5/10
  2855 | D:3      | You fall into a shaft and drop 1 floor!
  2855 | D:4      | Found a sacrificial altar of Ru.
  3332 | D:3      | Found Dupob's General Store.
  3356 | D:3      | Bought a potion of heal wounds for 60 gold pieces
  3363 | D:3      | Noticed Jessica
  3370 | D:3      | Killed Jessica
  3371 | D:3      | Reached skill level 1 in Fighting
  3380 | D:3      | Found a bloodstained altar of Trog.
  3685 | D:4      | Found a staircase to the Ecumenical Temple.
  3698 | Temple   | Entered the Ecumenical Temple
  3716 | Temple   | Became a worshipper of Sif Muna the Loreminder
  3746 | D:4      | Found a transporter.
  3747 | D:4      | Noticed TimeIsEndless's ghost (novice FoFi)
  3752 | D:4      | Found a transporter.
  3765 | D:4      | Learned a level 3 spell: Conjure Flame
  3769 | D:4      | Learned a level 3 spell: Inner Flame
  3774 | D:4      | Learned a level 4 spell: Flame Wave
  3816 | D:4      | Reached skill level 4 in Fire Magic
  4110 | D:4      | Noticed a black bear
  4122 | D:4      | Killed a black bear
  4123 | D:4      | Reached skill level 1 in Short Blades
  4123 | D:4      | Reached skill level 5 in Stealth
  4267 | D:4      | Reached XP level 7. HP: 43/43 MP: 2/12
  4543 | D:4      | Found a runed translucent door.
  4544 | D:4      | Noticed Crazy Yiuf
  4561 | D:4      | Killed Crazy Yiuf
  5063 | D:5      | Entered Level 5 of the Dungeon
  5075 | D:5      | Noticed Eustachio
  5202 | D:5      | Killed Eustachio
  5436 | D:5      | Found an iron altar of Okawaru.
  5436 | D:5      | Found a broken altar of Ashenzari.
  5477 | D:5      | Reached XP level 8. HP: 11/50 MP: 12/14
  5902 | D:5      | Found a snail-covered altar of Cheibriados.
  5973 | D:5      | Reached skill level 1 in Hexes
  6604 | D:6      | Reached skill level 5 in Fire Magic
  6793 | D:6      | Reached skill level 5 in Spellcasting
  7425 | D:6      | Learned a level 2 spell: Scorch
  7430 | D:6      | Learned a level 4 spell: Sticky Flame
  7516 | D:6      | Reached XP level 9. HP: 51/54 MP: 13/17
  7788 | D:6      | Reached skill level 1 in Invocations
  8403 | D:7      | Reached * piety under Sif Muna
  8404 | D:7      | Reached skill level 6 in Fire Magic
  9173 | D:7      | Noticed Duvessa
  9173 | D:7      | Noticed Dowan
  9175 | D:7      | Killed Dowan
  9193 | D:7      | Identified the +1 leather armour of the Carpenter {-Tele
                  | rC+ Int+4 Dex+6}
  9524 | D:7      | Killed Duvessa
 10199 | D:8      | Found a radiant altar of Vehumet.
 10632 | D:8      | Got Rites and Rhymes in Simple Steps
 10653 | D:8      | Reached skill level 7 in Fire Magic
 10932 | D:8      | Reached XP level 10. HP: 61/61 MP: 19/19
 11196 | D:8      | Reached skill level 5 in Conjurations
 11601 | D:9      | Reached ** piety under Sif Muna
 11625 | D:9      | Paralysed by a hornet for 1 turns
 11627 | D:9      | Reached skill level 8 in Fire Magic
 12613 | D:9      | Reached XP level 11. HP: 65/65 MP: 5/22
 12618 | D:9      | Reached skill level 5 in Invocations
 12956 | D:9      | Reached skill level 9 in Fire Magic
 13199 | D:10     | Entered Level 10 of the Dungeon
 13378 | D:10     | Learned a level 4 spell: Fulminant Prism
 13440 | D:10     | Noticed a death knight
 13570 | D:10     | Noticed Nergalle
 13581 | D:10     | Killed Nergalle
 13723 | D:10     | Killed a death knight
 13998 | D:10     | Noticed Erolcha
 14011 | D:10     | Killed Erolcha
 14175 | D:10     | Reached skill level 10 in Fire Magic
 14514 | D:10     | Found a glowing silver altar of Zin.
 14558 | D:10     | Found a staircase to the Orcish Mines.
 14696 | Orc:1    | Entered Level 1 of the Orcish Mines
 15050 | Orc:1    | Reached *** piety under Sif Muna
 15153 | Orc:1    | Noticed an orc warlord
 15167 | D:10     | Killed an orc warlord
 15316 | Orc:1    | Reached XP level 12. HP: 72/72 MP: 19/24
 16445 | D:10     | Learned a level 3 spell: Ozocubu's Armour
 16943 | Orc:2    | Entered Level 2 of the Orcish Mines
 17010 | Orc:2    | Found a staircase to the Elven Halls.
 17038 | Orc:2    | Noticed a two-headed ogre
 17042 | Orc:2    | Noticed a two-headed ogre
 17240 | Orc:2    | Reached skill level 11 in Fire Magic
 17243 | Orc:2    | Reached **** piety under Sif Muna
 17266 | Orc:2    | Reached skill level 1 in Ice Magic
 17692 | Orc:1    | Gained mutation: Your body sometimes deteriorates upon
                  | taking damage. [potion of mutation]
 17693 | Orc:1    | Lost mutation: Your body sometimes deteriorates upon taking
                  | damage. [potion of mutation]
 17693 | Orc:1    | Gained mutation: Your flesh is cold resistant. (rC+)
                  | [potion of mutation]
 17693 | Orc:1    | Gained mutation: You are weak. (Str -2) [potion of
                  | mutation]
 17761 | Orc:2    | Noticed a two-headed ogre
 17762 | Orc:2    | Noticed a two-headed ogre
 17764 | Orc:2    | Noticed a two-headed ogre
 18038 | D:11     | Found a staircase to the Lair.
 18389 | D:11     | Noticed a catoblepas
 18409 | D:11     | Killed a catoblepas
 18911 | Lair:1   | Entered Level 1 of the Lair of Beasts
 19285 | Lair:1   | Reached skill level 5 in Hexes
 19307 | Lair:1   | Reached XP level 13. HP: 33/77 MP: 19/26
 19310 | Lair:1   | HP: 2/77 [black mamba (19)]
 19314 | Lair:1   | Identified 2 scrolls of acquirement
 19314 | Lair:1   | Acquired 635 gold pieces
 19330 | Lair:1   | Reached skill level 12 in Fire Magic
 19654 | Lair:1   | Acquired 769 gold pieces
 20172 | Lair:1   | You fall into a shaft and drop 1 floor!
 20175 | Lair:2   | Reached skill level 10 in Spellcasting
 20773 | Lair:2   | Noticed Gastronok
 20785 | Lair:2   | Killed Gastronok
 21008 | Lair:2   | Reached ***** piety under Sif Muna
 21122 | Lair:2   | Found a staircase to the Snake Pit.
 21670 | Lair:2   | Identified the +7 dagger of the Stork {freeze, rElec Will+}
 22092 | Lair:3   | Reached skill level 10 in Conjurations
 22155 | Lair:3   | Noticed Fannar
 22164 | Lair:3   | Killed Fannar
 22362 | Lair:3   | Received a gift from Sif Muna
 22368 | Lair:3   | Got Ciostil's Guide on Confrontation {god gift}
 22373 | Lair:3   | Learned a level 3 spell: Stone Arrow
 22702 | Lair:3   | Found a staircase to the Shoals.
 23012 | Lair:3   | Reached skill level 13 in Fire Magic
 23012 | Lair:3   | Reached skill level 5 in Ice Magic
 23731 | Lair:4   | Learned a level 4 spell: Iskenderun's Mystic Blast
 23751 | Lair:4   | Reached XP level 14. HP: 83/83 MP: 15/28
 24771 | Lair:5   | Found a dark tunnel.
 25017 | Lair:5   | Found a runed translucent door.
 25017 | Lair:5   | Found a viscous altar of Jiyva.
 25025 | Lair:5   | Noticed an acid blob
 25027 | Lair:5   | Found a staircase to the Slime Pits.
 25066 | Lair:5   | You fall into a shaft and drop 1 floor!
 25066 | Lair:6   | Entered Level 6 of the Lair of Beasts
 25383 | Lair:5   | Engulfed by a cloud of flame

Illustrated notes

Levels and vault maps discovered:
D:1:      amcnicky_arrival_blooded_trapdoor, layout_basic, serial_shops, shop
D:2:      layout_basic, hellmonk_ecumenical_altar_watching_god, serial_curves,
          eino_curves_02, eino_curves_04, uniq_sigmund
D:3:      layout_loops_corners, mainiacjoe_overflow_concentric_impassable,
          serial_shops, shop_statue, uniq_jessica
D:4:      layout_basic, nicolae_overflow_hidden_temple,
          minmay_temple_entry_junction, gammafunk_ghost_smash, chequers_jeans,
          uniq_crazy_yiuf_cottage
D:5:      layout_cave_pools, grunt_temple_overflow_open, kennysheep_little_box,
          uniq_eustachio
D:6:      minmay_evil_eye, layout_loops_ring, item_on_display_a
D:7:      layout_basic, kennysheep_cross_bottleneck, chequers_mini_garden,
          uniq_duvessa
D:8:      layout_basic, fiery_altar_vehumet
D:9:      layout_basic
D:10:     layout_rooms, mainiacjoe_overflow_alcove_2, orc_0_dummy, uniq_erolcha,
          uniq_nergalle
D:11:     layout_rooms, due_lair_maze_entry_diamond
D:12:     layout_long_grid, uniq_urug, uniq_rupert
Temple:   eino_wide_crystal_templ
Lair:1:   layout_small_grid
Lair:2:   layout_long_grid, guppyfry_snake_entry_island, uniq_gastronok
Lair:3:   layout_cave_pods, minmay_shoals_entry_lonely_mermaid,
          infiniplex_staircase_pool_2, uniq_fannar
Lair:4:   layout_misc_corridors, serial_bayou_shore_b
Lair:5:   layout_regular_city, slime_altar_2, nicolae_volcano_entry_batcave,
          grunt_forest_large_clearing_hut, grunt_megastairs_4,
          lemuel_fruit_fields
Lair:6:   wormcave, layout_cave_pods, hangedman_lair_in_review,
          grunt_megastairs_1
Orc:1:    layout_diamond_mine, serial_shops
Orc:2:    st_orc_open, layout_caves

Skill      XL: |  1  2  3  4  5  6  7  8  9 10 11 12 13 14 |
---------------+-------------------------------------------+-----
Stealth        | 4 5 6 7 8 |  8.9
Maces & Flails | 1 |  1.8
Spellcasting   | 3 4 5 6 7 8 9 10 | 10.8
Conjurations   | 2 3 4 6 7 9 10 11 | 11.0
Fighting       | 1 2 3 |  3.4
Fire Magic     | 4 5 7 8 10 11 13 | 13.4
Short Blades   | 1 2 |  2.9
Dodging        | 3 4 |  4.6
Hexes          | 2 3 4 5 |  5.4
Invocations    | 3 4 6 |  6.5
Ice Magic      | 2 5 |  5.6
Translocations | |  0.4
Earth Magic    | |  0.5
Evocations     | |  0.2

Action                   |  1- 3 |  4- 6 |  7- 9 | 10-12 | 13-15 || total
-------------------------+-------+-------+-------+-------+-------++-------
Melee: Unarmed           |     8 |       |       |       |       ||     8
       Constrict         |     8 |     4 |     6 |     7 |     7 ||    32
       Tentacles         |     1 |     2 |     7 |    10 |     9 ||    29
       Whip              |    17 |       |       |       |       ||    17
       Dagger            |    10 |    30 |    51 |    56 |    52 ||   199
Throw: Throwing net      |       |       |       |       |     2 ||     2
 Cast: Foxfire           |    44 |    48 |   147 |   232 |   210 ||   681
       Inner Flame       |       |     1 |    38 |    62 |    35 ||   136
       Conjure Flame     |       |     1 |     8 |    11 |     1 ||    21
       Flame Wave        |       |       |     2 |    33 |    23 ||    58
       Sticky Flame      |       |       |     3 |    13 |     2 ||    18
       Scorch            |       |       |       |     8 |     3 ||    11
       Fulminant Prism   |       |       |       |    10 |    11 ||    21
       Ozocubu's Armour  |       |       |       |     1 |     4 ||     5
       Iskenderun's Myst |       |       |       |       |    11 ||    11
       Stone Arrow       |       |       |       |       |     5 ||     5
Invok: Channel Magic     |       |       |       |       |     3 ||     3
Evoke: Wand              |       |       |       |     1 |     3 ||     4
  Use: Potion            |     1 |       |     2 |     8 |     7 ||    18
       Scroll            |     1 |       |    13 |     8 |    11 ||    33
 Stab: Sleeping          |     4 |     8 |     9 |    15 |     9 ||    45
Armor: Skin              |    16 |     1 |     5 |    12 |    16 ||    50
Dodge: Dodged            |    22 |    19 |    67 |   126 |    70 ||   304

Table legend: (Time is in decaauts)
 A = Elapsed time spent in this place.
 B = Non-inter-level travel time spent in this place.
 C = Inter-level travel time spent in this place.
 D = Time resting spent in this place.
 E = Time spent auto-exploring this place.
 F = Levels seen in this place.
 G = Mean time per level.
                   A        B        C        D        E       F      G
               +--------+--------+--------+--------+--------+-----+--------+
         Total |  25355 |  24825 |    530 |   4973 |  14568 |  21 | 1207.4 |
       Dungeon |  17373 |  16974 |    399 |   3366 |  10248 |  12 | 1447.8 |
        Temple |     30 |     18 |     12 |      0 |      4 |   1 |   30.0 |
          Lair |   6471 |   6368 |    103 |    837 |   4063 |   6 | 1078.5 |
  Orcish Mines |   1480 |   1465 |     15 |    770 |    253 |   2 |  740.0 |
               +--------+--------+--------+--------+--------+-----+--------+

Top non-repeatable levels by time:
     D:9: 2423 daAuts
    D:10: 2267 daAuts
  Lair:1: 2129 daAuts
     D:7: 1949 daAuts
  Lair:3: 1670 daAuts
     D:6: 1609 daAuts
     D:2: 1471 daAuts
     D:4: 1452 daAuts
     D:5: 1381 daAuts
    D:11: 1285 daAuts
   Orc:1: 1266 daAuts
     D:1: 1230 daAuts
     D:8: 1133 daAuts
     D:3: 1013 daAuts
  Lair:2: 1006 daAuts
